 Dungeon Crawl Stone Soup version 0.28-a0-1312-g71652a0310 (webtiles) character file.

Game seed: 562122552818883373

6 frimble the Grasshopper (level 1, 0/16 HPs)
             Began as a Demonspawn Warper on Dec 28, 2021.
             Slain by a kobold (3 damage)
             ... on level 2 of the Dungeon.
             The game lasted 00:00:07 (25 turns).

frimble the Grasshopper (Demonspawn Warper)           Turns: 25, Time: 00:00:08

Health: 0/16       AC:  3    Str: 11    XL:     1   Next: 75%
Magic:  3/3        EV: 11    Int: 14    God:
Gold:   0          SH:  0    Dex: 12    Spells: 4/4 levels left

rFire   . . .      SeeInvis .   a - +0 falchion
rCold   . . .      Faith    .   (no shield)
rNeg    . . .      Spirit   .   b - +0 leather armour
rPois   .          Reflect  .   (no helmet)
rElec   .          Harm     .   (no cloak)
rCorr   .          Rampage  .   (no gloves)
Will    .....                   (no boots)
Stlth   +.........              (no amulet)
HPRegen 0.05/turn               (no ring)
MPRegen 0.08/turn               (no ring)

@: no status effects
A: no striking features
a: no special abilities


You were on level 2 of the Dungeon.
You visited 1 branch of the dungeon, and saw 2 of its levels.

Inventory:

Hand Weapons
 a - a +0 falchion (weapon)
Missiles
 d - 5 boomerangs of dispersal (quivered)
Armour
 b - a +0 leather armour (worn)
Scrolls
 c - a scroll of blinking


   Skills:
 - Level 2.0 Fighting
 + Level 2.1 Long Blades
 - Level 0.8 Throwing
 - Level 0.8 Armour
 + Level 2.1 Dodging
 - Level 2.0 Spellcasting
 - Level 2.6 Translocations


You had 4 spell levels left.
You didn't know any spells.
Your spell library contained the following spells:

 Spells                   Type           Power      Damage    Failure   Level
 Blink                    Tloc           16%        N/A       16%         2
 Gell's Gravitas          Tloc           8%         N/A       30%         3
 Lesser Beckoning         Tloc           8%         N/A       30%         3
 Teleport Other           Tloc           8%         N/A       30%         3
 Manifold Assault         Tloc           8%         N/A       96%         5


Dungeon Overview and Level Annotations

Branches:
Dungeon (1/15)

Altars:


Message History

The endoplasm hits you but does no damage.
You hit the endoplasm.
You kill the endoplasm!
The kobold throws a stone.
The stone hits you. The bat closely misses you.
You closely miss the bat. The bat hits you but does no damage.
You miss the bat. The bat closely misses you.
The kobold throws a stone.
The stone barely misses you. The bat hits you.
You hit the bat.
You kill the bat!
You barely miss the worm. The worm closely misses you.
You slash the worm!
The worm is moderately wounded.
The kobold closely misses you. The kobold barely misses you.
You hit the worm.
The worm is heavily wounded.
The worm bites you but does no damage. The kobold misses you.
You hit the worm.
The worm is severely wounded.
The kobold closely misses you. The worm barely misses you.
You hit the worm but do no damage.
The worm is severely wounded.
The kobold hits you but does no damage.
You hit the worm.
The worm is almost dead.
The kobold hits you but does no damage. The worm bites you.
You are too injured to fight recklessly!
You are too injured to fight recklessly!
You are too injured to fight recklessly!
You are too injured to fight recklessly!
You are too injured to fight recklessly!
You are too injured to fight recklessly!
You are too injured to fight recklessly!
You hit the worm.
You kill the worm!
The kobold hits you with a +0 club. x2
* * * LOW HITPOINT WARNING * * *
Your Long Blades skill increases to level 2!
Your Dodging skill increases to level 2!
The kobold hits you with a +0 club.
You die...

#. #. #. #.
##.### #....##
#.##..########
##.#.K......?..
#....@.†#.....#
#............#.
#.......#.##..##
#.#.###....# ##
# #. .....# #
##..... #......
#.......


You could see a kobold.

Vanquished Creatures
  A worm (D:2)
  A bat (D:2)
  An endoplasm (D:2)
3 creatures vanquished.

Notes
Turn   | Place    | Note
-------+----------+-------------------------------------------
     0 | D:1      | frimble the Demonspawn Warper began the quest for the Orb.
     0 | D:1      | Reached XP level 1. HP: 16/16 MP: 3/3
     9 | D:1      | You fall into a shaft and drop 1 floor!
    25 | D:2      | Slain by a kobold

Illustrated notes

Levels and vault maps discovered:
D:1:      minmay_arrival_shattered_statue, layout_rooms,
          dreamdust_ecumenical_altar_hidden_monk_grotto, chequers_big_river,
          chequers_arboretum
D:2:      layout_loops_cross, basic_altar, nrook_uturn, uniq_jessica

Skill      XL: |  1 |
---------------+----+-----
Long Blades    | 2 |  2.1
Dodging        | 2 |  2.1
Fighting       | |  2.0
Throwing       | |  0.8
Armour         | |  0.8
Spellcasting   | |  2.0
Translocations | |  2.6

Action                   || total
-------------------------++-------
Melee: Falchion          ||    11
Armor: Leather armour    ||     6
Dodge: Dodged            ||     9

Table legend: (Time is in decaauts)
 A = Elapsed time spent in this place.
 B = Non-inter-level travel time spent in this place.
 C = Inter-level travel time spent in this place.
 D = Time resting spent in this place.
 E = Time spent auto-exploring this place.
 F = Levels seen in this place.
 G = Mean time per level.
                   A        B        C        D        E       F      G
               +--------+--------+--------+--------+--------+-----+--------+
         Total |     27 |     27 |      0 |      0 |      8 |   2 |   13.5 |
       Dungeon |     27 |     27 |      0 |      0 |      8 |   2 |   13.5 |
               +--------+--------+--------+--------+--------+-----+--------+

Top non-repeatable levels by time:
     D:2: 18 daAuts
     D:1: 9 daAuts
